 Dungeon Crawl Stone Soup version 0.28.0 (webtiles) character file.

Game seed: 10243133420492908779

1446813 Findor the Conqueror (level 27, 224/224 HPs)
             Began as a Barachi Fighter on Feb 13, 2022.
             Was a High Priest of Okawaru.
             Escaped with the Orb
             ... and 3 runes!
             The game lasted 03:28:45 (95811 turns).

Findor the Conqueror (Barachi Fighter)             Turns: 95811, Time: 03:28:46

Health: 224/224    AC: 48    Str: 32    XL:     27
Magic:  26/26      EV: 20    Int:  7    God:    Okawaru [*****.]
Gold:   2409       SH: 23    Dex: 13    Spells: 7/26 levels left

rFire   + + .      SeeInvis +   p - +2 double sword (holy)
rCold   + . .      Faith    .   X - +2 kite shield {AC+3}
rNeg    + + +      Spirit   .   m - +9 gold dragon scales
rPois   +          Reflect  +   E - +0 hat {Will+}
rElec   +          Harm     .   L - scarf {rC+ rF+}
rCorr   +          Rampage  ∞   u - +3 pair of gauntlets of War {Slay+5}
Will    +++++      Clarity  +   i - +3 pair of seven-league boots {Rampage+∞}
Stlth   ..........              t - amulet of reflection
HPRegen 0.47/turn               K - ring "Uwe Jaer" {*Slow rElec Will+++ rCorr EV+4}
MPRegen 0.20/turn               D - ring "Ytohieci" {rC- rN+++ rCorr Slay+2 SInv}

@: studying Ice Magic, slow
A: amphibious, slowness 1, strong legs 2, +LOS, clarity, dopey 1, frail 1, low
MP 1, strong 1, noise suppression
0: Orb of Zot
}: 3/15 runes: barnacled, silver, gossamer
a: Hop, Renounce Religion, Heroism, Finesse, Duel


You escaped.
You worshipped Okawaru.
Okawaru was extremely pleased with you.
You visited 9 branches of the dungeon, and saw 48 of its levels.
You also visited: Trove and Ice Cave.

You collected 9039 gold pieces.
You spent 6630 gold pieces at shops.


Innate Abilities, Weirdness & Mutations

You are amphibious.
You cover ground slowly.
You can hop long distances.
You have an extended range of vision and can be seen from far away.
You possess an exceptional clarity of mind.
You are dopey. (Int -2)
You are frail. (-10% HP)
Your magical capacity is low. (-10% MP)
Your muscles are strong. (Str +2)
You passively dampen the noise of your surroundings.


   Skills:
 O Level 27 Fighting
 + Level 22.1 Long Blades
 - Level 3.0 Slings
 + Level 26.6 Armour
 + Level 23.1 Dodging
 + Level 23.2 Shields
 - Level 12.5 Necromancy
 - Level 8.0 Invocations
 + Level 15.1 Evocations


You had 7 spell levels left.
You knew the following spells:

 Your Spells              Type           Power      Damage    Failure   Level
a - Pain                  Necr           68%        1d7       1%          1
b - Excruciating Wounds   Necr           8%         N/A       41%         5
c - Apportation           Tloc           0%         N/A       95%         1
d - Death's Door          Necr           8%         N/A       100%        9
q - Vampiric Draining     Necr           17%        2d7       4%          3

Your spell library contained the following spells:

 Spells                   Type           Power      Damage    Failure   Level
 Sublimation of Blood     Necr           17%        N/A       2%          2
 Dispel Undead            Necr           17%        3d10      16%         4
 Corpse Rot               Necr/Air       16%        N/A       32%         2
 Agony                    Necr           17%        N/A       41%         5
 Beastly Appendage        Tmut           0%         N/A       95%         1
 Freeze                   Ice            0%         1d3       95%         1
 Magic Dart               Conj           0%         1d3       95%         1
 Shock                    Conj/Air       0%         1d3       95%         1
 Blink                    Tloc           0%         N/A       99%         2
 Searing Ray              Conj           0%         2d4       99%         2
 Static Discharge         Conj/Air       0%         N/A       99%         2
 Wereblood                Tmut           0%         N/A       99%         2
 Borgnjor's Vile Clutch   Necr/Erth      4%         N/A       99%         5
 Conjure Flame            Conj/Fire      0%         6-21      100%        3
 Dazzling Flash           Conj/Hex       0%         N/A       100%        3
 Frozen Ramparts          Ice            0%         1d2       100%        3
 Gell's Gravitas          Tloc           0%         N/A       100%        3
 Ignite Poison            Fire/Tmut/Pois 0%         N/A       100%        3
 Inner Flame              Hex/Fire       0%         N/A       100%        3
 Lesser Beckoning         Tloc           0%         N/A       100%        3
 Mephitic Cloud           Conj/Pois/Air  0%         N/A       100%        3
 Ozocubu's Armour         Ice            0%         N/A       100%        3
 Portal Projectile        Hex/Tloc       0%         N/A       100%        3
 Spider Form              Tmut/Pois      0%         N/A       100%        3
 Swiftness                Air            0%         N/A       100%        3
 Teleport Other           Tloc           0%         N/A       100%        3
 Airstrike                Air            0%         N/A       100%        4
 Cause Fear               Hex            0%         N/A       100%        4
 Fulminant Prism          Conj/Hex       0%         3d6       100%        4
 Hailstorm                Conj/Ice       0%         3d3       100%        4
 Ice Form                 Ice/Tmut       0%         N/A       100%        4
 Iskenderun's Mystic Bla  Conj/Tloc      0%         2d3       100%        4
 Leda's Liquefaction      Hex/Erth       0%         N/A       100%        4
 Petrify                  Tmut/Erth      0%         N/A       100%        4
 Sticky Flame             Conj/Fire      0%         2d3       100%        4
 Fireball                 Conj/Fire      0%         3d3       100%        5
 Freezing Cloud           Conj/Ice/Air   0%         6-21      100%        5
 Lee's Rapid Deconstruct  Erth           0%         3d5*      100%        5
 Lightning Bolt           Conj/Air       0%         1d11      100%        5
 Manifold Assault         Tloc           0%         N/A       100%        5
 Metabolic Englaciation   Hex/Ice        0%         N/A       100%        5
 Starburst                Conj/Fire      0%         6d3       100%        6
 Statue Form              Tmut/Erth      0%         N/A       100%        6
 Ozocubu's Refrigeration  Ice            0%         4d5       100%        7
 Borgnjor's Revivificati  Necr           8%         N/A       100%        8
 Discord                  Hex            0%         N/A       100%        8
 Ignition                 Fire           0%         3d3       100%        8
 Maxwell's Capacitive Co  Air            0%         ∞         100%        8
 Necromutation            Tmut/Necr      4%         N/A       100%        8
 Polar Vortex             Ice            0%         N/A       100%        9
 Animate Skeleton         Necr           Unusable   N/A       N/A         1
 Summon Small Mammal      Summ           Unusable   N/A       N/A         1
 Call Canine Familiar     Summ           Unusable   N/A       N/A         3
 Summon Ice Beast         Ice/Summ       Unusable   N/A       N/A         4
 Simulacrum               Ice/Necr       Unusable   N/A       N/A         6
 Haunt                    Necr/Summ      Unusable   N/A       N/A         7
 Summon Hydra             Summ           Unusable   N/A       N/A         7
 Infestation              Necr           Unusable   N/A       N/A         8

Inventory:

Hand Weapons
 a - a +8 demon blade of protection
   (Okawaru gifted it to you on level 4 of the Shoals)
 b - a +2 hunting sling of freezing
   (You took it off Joseph on level 7 of the Dungeon)
 p - a +2 double sword of holy wrath (weapon)
   (Okawaru gifted it to you on level 3 of the Depths)
 P - the +10 zealot's sword {holy, *Rage rN+ EV+3}
   (Okawaru gifted it to you on level 2 of the Shoals)

   It has been blessed by the Shining One to cause great damage to the undead
   and demons.
   Whenever the wielder enters a berserk rage, their allies are berserked
   alongside them.
   EV:        It affects your evasion (+3).
   rN:        It protects you from negative energy.
   *Rage:     It berserks you when you make melee attacks (+20% chance).
Missiles
 o - 12 throwing nets {!f}
 r - 762 sling bullets
Armour
 i - the +3 pair of seven-league boots (worn) {Rampage+∞}
   (You found it in a treasure trove)

   Its wearer moves as far as possible in that direction when moving towards
   enemies.
 m - +9 gold dragon scales (worn)
   (You found it on level 3 of the Depths)
 u - the +3 pair of gauntlets of War (worn) {Slay+5}
   (You bought it in a shop on level 3 of the Vaults)

   Slay:      It affects your accuracy & damage with ranged weapons and melee
   (+5).
 E - a +0 hat of willpower (worn)
   (You found it on level 4 of the Spider Nest)
 L - a scarf of resistance (worn)
   (You found it on level 1 of the Depths)
 X - a +2 kite shield of protection (worn)
   (Okawaru gifted it to you on level 2 of the Spider Nest)
Jewellery
 e - the ring "Leerad" {rC+ rN+ MP+9 AC+4}
   (You found it in a treasure trove)

   [ring of protection]

   AC:        It affects your AC (+4).
   rC:        It protects you from cold.
   rN:        It protects you from negative energy.
   MP:        It affects your magic capacity (+9).
 t - an amulet of reflection (around neck)
   (You bought it in a shop on level 6 of the Dungeon)
 y - the ring of Bodily Harmony {*Corrode rF+++ Will+ Dex+3}
   (You found it on level 5 of the Realm of Zot)

   [ring of willpower]

   Dex:       It affects your dexterity (+3).
   rF:        It renders you almost immune to fire.
   *Corrode:  It may corrode you when you take damage.
   Will:      It increases your willpower.
 D - the ring "Ytohieci" (right hand) {rC- rN+++ rCorr Slay+2 SInv}
   (You took it off an orc warrior on level 9 of the Dungeon)

   [ring of resist corrosion]

   Slay:      It affects your accuracy & damage with ranged weapons and melee
   (+2).
   rC:        It makes you vulnerable to cold.
   rN:        It renders you almost immune to negative energy.
   SInv:      It lets you see invisible.
   rCorr:     It protects you from acid and corrosion.
 I - the ring "Waamauqobb" {rN+ Int+5}
   (You took it off a draconian scorcher on level 5 of the Realm of Zot)

   [ring of positive energy]

   Int:       It affects your intelligence (+5).
   rN:        It protects you from negative energy.
 K - the ring "Uwe Jaer" (left hand) {*Slow rElec Will+++ rCorr EV+4}
   (You acquired it on level 1 of the Vaults)

   [ring of evasion]

   EV:        It affects your evasion (+4).
   rElec:     It insulates you from electricity.
   rCorr:     It protects you from acid and corrosion.
   *Slow:     It may slow you when you take damage.
   Will:      It greatly increases your willpower.
 M - the ring "Mist" {rC+ rCorr Str+6}
   (You found it on level 3 of the Depths)

   [ring of strength]

   Str:       It affects your strength (+6).
   rC:        It protects you from cold.
   rCorr:     It protects you from acid and corrosion.
 Y - the ring "Ecilozom" {rF+ Will+ Dex+3}
   (You took it off a merfolk on level 4 of the Shoals)

   [ring of willpower]

   Dex:       It affects your dexterity (+3).
   rF:        It protects you from fire.
   Will:      It increases your willpower.
Wands
 d - a wand of iceblast (19)
   (You found it on level 5 of the Vaults)
 x - a wand of acid (14)
   (You found it on level 3 of the Shoals)
 V - a wand of mindburst (16)
   (You found it on level 13 of the Dungeon)
Scrolls
 c - 8 scrolls of fog
 f - 8 scrolls of magic mapping
 q - 8 scrolls of fear
 s - 2 scrolls of silence
 v - 22 scrolls of teleportation {@r4}
 w - 12 scrolls of blinking
 J - a scroll of enchant armour
Potions
 g - 8 potions of might
 h - a potion of brilliance
 n - 9 potions of haste {@q3}
 z - 5 potions of attraction {!q}
 A - 4 potions of cancellation
 B - 3 potions of invisibility
 C - 6 potions of heal wounds {@q2}
 F - 2 potions of lignification {!q}
 G - 13 potions of mutation {!q}
 H - 3 potions of flight
 S - 4 potions of berserk rage
 T - 16 potions of curing {@q1}
 Z - 6 potions of resistance
Miscellaneous
 j - a phial of floods
   (You found it on level 2 of the Shoals)
 k - a lightning rod (4/4) {!a}
   (You found it on level 3 of the Elven Halls)
 l - a condenser vane (inert)
   (You found it on level 9 of the Dungeon)
 W - a tin of tremorstones (2/2)
   (You found it on level 2 of the Orcish Mines)


Message History

A sun demon comes into view.
You climb upwards.
There is a stone staircase leading down here.
There is an escape hatch in the ceiling here.
A mysterious force pulls you upwards. The hatch slams shut behind you.
There is a stone staircase leading up here.
You climb upwards.
There is a stone staircase leading down here.
There is a stone staircase leading up here.
You climb upwards.
There is a stone staircase leading down here.
There is an open door here.
There is a stone staircase leading up here.
You climb upwards.
There is a stone staircase leading down, spattered with blood here.
Things that are here:
a +0 leather armour; a +0 falchion; a +0 short sword You see here a +0 leather armour.
A sixfirhy comes into view.
You slice the sixfirhy!!
The sixfirhy convulses!!
You kill the sixfirhy!
Okawaru accepts your kill.
There is a stone staircase leading up here.
You climb upwards.
There is a stone staircase leading down here.
You see here a +0 halberd.
There is a stone staircase leading up, spattered with blood here.
You climb upwards.
There is a stone staircase leading down here.
Things that are here:
a +0 flail; a +0 spear
There is a stone staircase leading up here.
You climb upwards.
There is a stone staircase leading down here.
Things that are here:
3 stones; a +0 whip
There is a stone staircase leading up here.
You climb upwards.
There is a stone staircase leading down here.
A toenail golem comes into view.
You block the toenail golem's attack. The toenail golem barely misses you.
You cut the toenail golem into ribbons!!!
You slice the toenail golem!!
You destroy the toenail golem!
Okawaru accepts your kill.
No target in view!
No target in view!
An Executioner and 3 large abominations come into view.
There is a staircase leading out of the dungeon here.
You have escaped!

.....#........#...#.......#'###'#
#######..#######.#######.........
#..# ##.X.....## #........#
#..###.........###........#
#..##...X.......##........#
##..#.1...........#....)...#
##..##.............##..####.#
##..#.#.X...........#.#..###..
#..#.........@.........#..##..
##..#.#.............#.#..###..
##..##.............##..## #..
#...#..(..........#..#####..
#...##...........##..# #....
#...###.........###..# #....
#...# ##.......## #..# #....
#...#######.#######..# #....
#........#...#..)....# #....


You could see an Executioner and 3 large abominations.

Vanquished Creatures
  7 dread liches
  3 orbs of fire
  4 ancient liches
  Sojobo (Vaults:3)
  Saint Roka (Depths:3)
  3 shard shrikes
  2 curse toes
  4 Killer Klowns
  A pandemonium lord (D:13)
  Xtahua (Depths:3)
  12 golden dragons
  A profane servitor (D:13)
  Nikola (Depths:1)
  An electric golem (Zot:5)
  Jorgrun (D:12)
  Mlioglotl (Spider:3)
  Rupert (Lair:4)
  15 tentacled monstrosities
  6 liches
  4 titans
  A walking frostbound tome (Depths:3)
  2 deep elf blademasters (Elf:3)
  2 deep elf master archers (Elf:3)
  Asterion (Spider:2)
  25 Orb Guardians
  5 quicksilver dragons
  A kraken (Shoals:3)
  Frances (D:13)
  10 death cobs
  Kirke (Spider:2)
  10 sphinxes
  9 tengu reavers
  Agnes (D:15)
  Roxanne (D:15)
  A shadow dragon (shapeshifter) (Vaults:5)
  13 storm dragons
  Ilsuiw (Shoals:2)
  18 shadow dragons
  4 draconian monks
  The ghost of LetschGu the Transmogrifier, an adept DrTm of Okawaru (D:15)
  8 frost giants
  9 draconian knights
  9 emperor scorpions
  7 draconian scorchers
  2 juggernaut zombies
  6 draconian shifters
  10 fire giants
  2 deep elf sorcerers
  3 orc warlords
  An iron dragon (Vaults:5)
  25 vault wardens
  6 ghost moths
  A caustic shrike zombie (Depths:4)
  2 balrugs
  Louise (D:14)
  2 draconian annihilators
  A spriggan defender (Depths:4)
  3 deep elf elementalists
  18 very ugly things
  5 draconian stormcallers
  2 broodmothers
  15 ironbound preservers
  8 ironbound thunderhulks
  12 green draconians
  3 war gargoyles
  16 stone giants
  5 vampire knights
  9 deep elf demonologists
  2 eleionomae (Shoals:2)
  12 black draconians
  10 white draconians
  6 red draconians
  Azrael (D:13)
  13 purple draconians
  3 deep elf annihilators (Elf:3)
  2 entropy weavers
  2 pale draconians (Depths:4)
  11 yellow draconians
  2 spark wasps
  Snorg (D:10)
  11 dire elephants
  An eidolon (Vaults:3)
  A blizzard demon (Depths:1)
  4 deep elf death magi
  14 merfolk impalers
  A jiangshi (Vaults:3)
  4 crystal guardians
  12 great orbs of eyes
  8 fire dragons
  6 merfolk javelineers
  16 ettins
  10 yaktaur captains
  37 vault guards
  A quicksilver dragon skeleton (Depths:2)
  2 deep elf high priests (Elf:3)
  11 boulder beetles
  4 rakshasas
  5 peacekeepers
  Fannar (D:10)
  Harold (D:8)
  9 ice dragons
  2 jorogumos (Spider:4)
  2 merfolk avatars (Shoals:3)
  5 spriggan air magi
  2 catoblepae
  An ogre mage (Vaults:5)
  3 radroaches
  13 hydras
  Erica (D:8)
  6 ironbound frosthearts
  6 merfolk aquamancers (Shoals:4)
  17 centaur warriors
  5 deep troll shamans
  8 death yaks (Lair:6)
  29 dancing weapons
  4 orc high priests (Orc:2)
  7 two-headed ogres
  11 tengu warriors
  9 deep troll earth magi
  5 satyrs
  6 spriggan berserkers
  The ghost of Terracrafty the Skirmisher, a novice DsMo (D:9)
  14 hell knights
  2 vampire magi
  Urug (D:10)
  13 deep elf knights
  A soul eater (Depths:4)
  7 iron trolls
  A skeletal warrior (Depths:4)
  6 sun demons
  2 titan zombies (Depths:4)
  Sonja (D:13)
  6 pharaoh ants
  3 sixfirhies
  A fire crab (shapeshifter) (Depths:3)
  5 large abominations
  5 shadow wraiths
  A storm dragon skeleton (Depths:2)
  A sea snake (shapeshifter) (D:13)
  2 glowing orange brains
  5 steelbarb worms
  A fire crab (D:12)
  6 sea snakes
  4 sun moths
  A swamp dragon (shapeshifter) (Depths:1)
  3 deep trolls (shapeshifter)
  5 orb spiders
  2 golden dragon zombies
  13 deep elf archers
  57 deep trolls
  3 bog bodies (IceCv)
  An obsidian statue (IceCv)
  2 flayed ghosts
  A spriggan simulacrum (IceCv)
  2 death drakes (shapeshifter)
  Pikel (D:5)
  A harpy (shapeshifter) (Depths:1)
  7 lindwurms
  20 ironbound convokers
  14 harpies
  11 wizards
  13 orc knights
  5 phantasmal warriors
  26 deep elf pyromancers
  27 deep elf zephyrmancers
  22 wolf spiders
  11 necromancers
  7 orc sorcerers
  A sphinx skeleton (Depths:3)
  11 fauns (Shoals:2)
  A stone giant zombie (Depths:2)
  An iron dragon zombie (Depths:4)
  9 manticores
  3 salamanders (shapeshifter)
  A shining eye (shapeshifter) (Depths:1)
  A faun (shapeshifter) (Depths:3)
  A tengu skeleton (Depths:2)
  18 slime creatures
  34 ugly things
  24 moths of wrath
  12 cyclopes
  2 elephants
  A toenail golem (D:1)
  A rust devil (Depths:2)
  A guardian serpent (shapeshifter) (Depths:1)
  A fire giant skeleton (Depths:3)
  Joseph (D:7)
  A centaur zombie (D:11)
  2 orange demons (Lair:6)
  14 water nymphs
  22 vault sentinels
  12 merfolk sirens
  A smoke demon (Depths:2)
  9 gargoyles
  7 torpor snails
  6 rime drakes
  19 cane toads
  7 black mambas
  4 unseen horrors
  19 freezing wraiths
  11 komodo dragons
  Psyche (D:12)
  6 demonic crawlers
  A hellwing (Lair:6)
  A hellion (Depths:2)
  5 golden dragon simulacra
  A kobold demonologist (D:10)
  2 efreet
  4 ice devils
  32 yaktaurs
  6 tengu conjurers
  2 red devils
  A queen bee (shapeshifter) (Depths:1)
  A silent spectre (Orc:1)
  A troll (shapeshifter) (Vaults:5)
  4 polar bears
  15 meliai
  55 merfolk
  10 trolls
  8 wind drakes
  Prince Ribbit (D:7)
  A sphinx simulacrum (Depths:2)
  11 hornets
  A shadow dragon simulacrum (Depths:2)
  19 tarantellas
  10 snapping turtles
  A raiju (shapeshifter) (Depths:1)
  8 dream sheep
  30 blink frogs
  A dream sheep (shapeshifter) (D:14)
  A jumping spider (shapeshifter) (Depths:1)
  16 jumping spiders
  7 spriggans
  3 shadows
  12 air elementals
  A culicivora (shapeshifter) (Depths:1)
  17 culicivoras
  19 water elementals
  6 wyverns
  A vampire (D:11)
  10 basilisks
  2 wraiths
  18 humans
  A steam dragon (shapeshifter) (Depths:1)
  54 yaks
  2 dire elephant simulacra (IceCv)
  A fire bat (shapeshifter) (Vaults:5)
  4 fire elementals
  2 hogs (Spider:2)
  5 steam dragons
  A redback (shapeshifter) (Depths:1)
  47 redbacks
  2 chaos spawn (Depths:4)
  A neqoxec (Zot:2)
  3 vampire mosquitoes (D:15)
  4 harpy simulacra (IceCv)
  4 wargs
  2 hydra simulacra (IceCv)
  6 acid dragons
  A floating eye (Depths:3)
  6 hell hounds
  Duvessa (D:7)
  45 orc warriors
  15 water moccasins
  An ettin simulacrum (IceCv)
  2 swamp drakes
  4 alligator simulacra (IceCv)
  5 black bears
  A sky beast (D:8)
  11 ogres
  21 centaurs
  11 wolves
  A boggart (shapeshifter) (Depths:3)
  3 phantoms
  10 bullfrogs
  2 elf zombies (Elf:1)
  5 deep troll simulacra (IceCv)
  A wyvern zombie (D:8)
  3 scorpions
  9 small abominations
  A wyvern skeleton (D:7)
  A water moccasin skeleton (D:5)
  Dowan (D:7)
  5 lindwurm simulacra (IceCv)
  6 killer bees
  5 wights (D:7)
  8 howler monkeys
  14 electric eels
  3 lava snakes (Lair:5)
  2 bullfrog zombies
  A hound (D:3)
  6 jellies
  A gnoll shaman (D:5)
  32 orc priests
  2 iguanas
  20 orc wizards
  6 hell rats (Lair:4)
  A hound zombie (D:5)
  A mummy (D:6)
  11 gnolls
  A howler monkey skeleton (D:6)
  10 adders
  A shadow imp (D:8)
  A white imp (D:6)
  2 worms
  4 dart slugs
  101 orcs
  6 ball pythons
  10 bats
  8 endoplasms
  A giant cockroach (D:4)
  9 goblins
  8 hobgoblins
  15 jackals
  2 quokkas
  4 frilled lizards
  10 kobolds
  7 rats
  A fungus (Lair:6)
  2 tentacles (Shoals:3)
2316 creatures vanquished.

Vanquished Creatures (others)
  A death cob (Zot:1)
  A fire giant (Depths:3)
  A fire dragon (Depths:3)
  A wizard (Vaults:1)
  A redback (Spider:4)
  2 hell hounds (D:13)
  An orc warrior (Depths:3)
  An electric eel (Lair:5)
  2 bushes (Elf:1)
  34 fungi
  140 plants
  2 starspawn tentacles (Spider:4)
  6 tentacles (Shoals:3)
  4 withered plants (Zot:4)
197 creatures vanquished.

Grand Total: 2513 creatures vanquished

Notes
Turn   | Place    | Note
-------+----------+-------------------------------------------
     0 | D:1      | Findor the Barachi Fighter began the quest for the Orb.
     0 | D:1      | Reached XP level 1. HP: 18/18 MP: 1/1
   112 | D:1      | Reached skill level 3 in Long Blades
   121 | D:1      | Reached XP level 2. HP: 16/24 MP: 2/2
   693 | D:1      | Reached XP level 3. HP: 22/29 MP: 3/3
  1754 | D:2      | Reached XP level 4. HP: 35/36 MP: 4/4
  2292 | D:3      | Found a faded altar of an unknown god.
  2374 | D:3      | Identified the ring "Azueder" {rF- rCorr Str+5 Slay-6 SInv}
  2486 | D:3      | Reached skill level 6 in Long Blades
  2752 | D:4      | HP: 5/36 [iguana (7)]
  2754 | D:4      | Reached XP level 5. HP: 6/41 MP: 5/5
  3923 | D:4      | Reached XP level 6. HP: 36/47 MP: 6/6
  4087 | D:4      | Noticed a black bear
  4115 | D:3      | Gained mutation: Your muscles are strong. (Str +2) [potion
                  | of mutation]
  4115 | D:3      | Gained mutation: You passively dampen the noise of your
                  | surroundings. [potion of mutation]
  4115 | D:3      | Gained mutation: You possess an exceptional clarity of
                  | mind. [potion of mutation]
  4118 | D:3      | HP: 8/47 [black bear (4)]
  4746 | D:4      | Reached XP level 7. HP: 35/52 MP: 7/7
  4918 | D:3      | Reached skill level 4 in Fighting
  4918 | D:3      | Reached skill level 9 in Long Blades
  4918 | D:3      | Reached skill level 1 in Dodging
  5230 | D:4      | Found a broken altar of Ashenzari.
  5601 | D:4      | HP: 11/55 [poisoned by a scorpion]
  5915 | D:4      | Reached XP level 8. HP: 46/61 MP: 8/8
  6159 | D:5      | Entered Level 5 of the Dungeon
  6165 | D:5      | Found an iron altar of Okawaru.
  6175 | D:5      | Became a worshipper of Warmaster Okawaru
  6541 | D:5      | Found a blossoming altar of Fedhas.
  7045 | D:5      | Reached skill level 5 in Fighting
  7061 | D:5      | Found a staircase to the Ecumenical Temple.
  7491 | D:5      | Noticed a shadow
  7494 | D:5      | Killed a shadow
  7494 | D:5      | Reached * piety under Okawaru
  7495 | D:5      | Reached skill level 3 in Dodging
  8266 | D:6      | Reached XP level 9. HP: 57/68 MP: 9/9
  8440 | D:6      | Found Ciloth's Jewellery Shoppe.
  8518 | D:6      | Noticed Pikel
  8545 | D:5      | Killed Pikel
  8545 | D:5      | Reached ** piety under Okawaru
  8652 | D:6      | Reached skill level 12 in Long Blades
  8852 | D:6      | Found a sand-covered staircase.
  8954 | D:6      | Found Bush's Weapon Boutique.
  9253 | D:6      | Identified the +7 mace of Truncation {flame, rN+++ Dex-3}
  9258 | D:6      | Found Jemmos's General Store.
  9266 | D:6      | Bought a potion of flight for 33 gold pieces
  9266 | D:6      | Bought a scroll of vulnerability for 82 gold pieces
  9409 | D:6      | Found Angilakuqo's Antique Weapon Shop.
  9441 | D:6      | Found a snail-covered altar of Cheibriados.
  9524 | D:6      | Found Bair's Jewellery Shoppe.
  9684 | D:7      | Noticed Joseph
  9702 | D:7      | HP: 11/68 [Joseph (9)]
  9703 | D:7      | Killed Joseph
 10002 | D:6      | HP: 12/68 [orc warrior (13)]
 10485 | D:7      | Reached XP level 10. HP: 63/74 MP: 10/10
 10604 | D:7      | Noticed Prince Ribbit
 10621 | D:7      | Killed Prince Ribbit
 10711 | D:7      | Noticed a two-headed ogre
 10728 | D:7      | Killed a two-headed ogre
 10728 | D:7      | Reached *** piety under Okawaru
 10729 | D:7      | Reached skill level 1 in Invocations
 11324 | D:7      | Found a white marble altar of Elyvilon.
 11334 | D:7      | Noticed Duvessa
 11334 | D:7      | Noticed Dowan
 11344 | D:7      | Killed Duvessa
 11357 | D:7      | Killed Dowan
 11742 | D:8      | Found a hide-covered altar of Uskayaw.
 11940 | D:8      | Noticed Harold
 11962 | D:8      | Killed Harold
 11963 | D:8      | Reached skill level 1 in Slings
 12247 | D:8      | Noticed Erica
 12264 | D:8      | Killed Erica
 12264 | D:8      | Reached **** piety under Okawaru
 12264 | D:8      | Received a gift from Okawaru
 12265 | D:8      | Reached skill level 6 in Fighting
 12265 | D:8      | Reached skill level 6 in Armour
 12265 | D:8      | Reached skill level 6 in Shields
 12474 | D:8      | Reached skill level 6 in Dodging
 12544 | D:8      | Found a shimmering altar of Xom.
 12549 | D:8      | Noticed a two-headed ogre
 12572 | D:8      | Killed a two-headed ogre
 12769 | D:9      | Reached XP level 11. HP: 83/83 MP: 13/13
 12795 | D:9      | Found a hazy altar of Hepliaklqana.
 12841 | D:9      | HP: 16/83 [poisoned by a killer bee]
 12847 | D:8      | HP: 12/83 [poisoned by a killer bee]
 13618 | D:9      | Reached skill level 3 in Invocations
 13643 | D:9      | Reached ***** piety under Okawaru
 14259 | D:9      | Reached skill level 3 in Slings
 14261 | D:9      | Received a gift from Okawaru
 14600 | D:9      | Reached skill level 7 in Fighting
 15021 | D:9      | Found a sacrificial altar of Ru.
 15090 | D:9      | Identified the ring "Ytohieci" {rC- rN+++ rCorr Slay+2
                  | SInv}
 15202 | D:9      | Found a runed translucent gate.
 15202 | D:9      | Found a runed translucent gate.
 15202 | D:9      | Found a runed translucent gate.
 15206 | D:9      | Noticed Terracrafty's ghost (novice DsMo)
 15314 | D:10     | Entered Level 10 of the Dungeon
 15540 | D:10     | Noticed Fannar
 15560 | D:10     | Killed Fannar
 15561 | D:10     | Reached skill level 15 in Long Blades
 15862 | D:10     | Noticed Snorg
 15873 | D:10     | Killed Snorg
 15873 | D:10     | Identified the +6 scale mail of Enevurid {+Inv MP+9 Str-3
                  | Dex+4 Slay+2} (Okawaru gifted it to you on level 10 of the
                  | Dungeon)
 15873 | D:10     | Received a gift from Okawaru
 16304 | D:10     | Found a sparkling altar of Nemelex Xobeh.
 16341 | D:10     | Noticed Urug
 16355 | D:10     | Killed Urug
 16707 | D:11     | Reached XP level 12. HP: 83/92 MP: 15/15
 16786 | D:11     | Noticed a boulder beetle
 16788 | D:11     | Noticed a boulder beetle
 16805 | D:11     | Killed a boulder beetle
 16806 | D:11     | Reached skill level 8 in Fighting
 16982 | D:11     | Killed a boulder beetle
 17436 | D:11     | Found a staircase to the Lair.
 17808 | Lair:1   | Entered Level 1 of the Lair of Beasts
 17847 | Lair:1   | Reached skill level 1 in Evocations
 18356 | Lair:1   | Reached skill level 9 in Armour
 18441 | Lair:1   | Reached skill level 9 in Fighting
 18591 | Lair:1   | Reached skill level 3 in Evocations
 18606 | Lair:1   | Received a gift from Okawaru
 19435 | Lair:2   | Found a staircase to the Shoals.
 19479 | Lair:2   | Reached skill level 9 in Shields
 19479 | Lair:2   | Gained mutation: You can hop long distances. [Barachi
                  | growth]
 19479 | Lair:2   | Reached XP level 13. HP: 89/101 MP: 17/17
 19552 | Lair:2   | Reached skill level 6 in Invocations
 19766 | Lair:2   | Reached skill level 9 in Dodging
 21094 | Lair:3   | Reached skill level 10 in Fighting
 21627 | Lair:3   | Received a gift from Okawaru
 22275 | Lair:4   | Found a hole to the Spider Nest.
 22423 | Lair:4   | Noticed Rupert
 22435 | Lair:4   | Killed Rupert
 23098 | Lair:4   | Received a gift from Okawaru
 23481 | Lair:4   | Reached skill level 6 in Evocations
 23482 | Lair:4   | Reached ****** piety under Okawaru
 23499 | Lair:4   | Reached XP level 14. HP: 111/111 MP: 19/19
 23868 | Lair:5   | Received a gift from Okawaru
 24258 | D:6      | Bought the ring "Jaeptoc" {rPois rC+ Str+4 Int+4} for 558
                  | gold pieces
 24638 | Lair:5   | Found a runed translucent door.
 24639 | Lair:5   | Found a viscous altar of Jiyva.
 24646 | Lair:5   | Found a staircase to the Slime Pits.
 24870 | Lair:5   | Reached skill level 11 in Fighting
 25595 | Lair:6   | Entered Level 6 of the Lair of Beasts
 27119 | Lair:6   | Found a burning altar of Makhleb.
 27918 | D:12     | Found a staircase to the Orcish Mines.
 28131 | D:12     | Noticed Psyche
 28141 | D:12     | Killed Psyche
 28142 | D:12     | Reached skill level 12 in Fighting
 28145 | D:12     | Identified the +0 helmet of Huogog {Fly rCorr} (Okawaru
                  | gifted it to you on level 12 of the Dungeon)
 28145 | D:12     | Received a gift from Okawaru
 28146 | D:12     | Reached skill level 12 in Armour
 28286 | D:12     | Reached XP level 15. HP: 111/120 MP: 21/21
 29145 | D:12     | Noticed Jorgrun
 29160 | D:12     | Killed Jorgrun
 29380 | D:13     | Noticed Frances
 29395 | D:13     | Killed Frances
 29545 | D:13     | Noticed Sonja
 29635 | Orc:1    | Entered Level 1 of the Orcish Mines
 29808 | Orc:1    | Found a transporter.
 29900 | Orc:1    | Reached skill level 12 in Shields
 30032 | Orc:1    | Found a transporter.
 30033 | Orc:1    | Found a runed translucent door.
 30312 | Orc:1    | Found a bloodstained altar of Trog.
 30312 | Orc:1    | Found the +8 Wrath of Trog {antimagic, *Rage Rampage}
 30370 | Orc:2    | Entered Level 2 of the Orcish Mines
 30422 | Orc:2    | Reached skill level 12 in Dodging
 30883 | Orc:2    | Found Citz's Jewellery Boutique.
 30938 | Orc:2    | Found Kiskath's Weapon Shop.
 30950 | Orc:2    | Reached skill level 13 in Fighting
 31364 | Orc:2    | Received a gift from Okawaru
 31912 | Orc:2    | Found a staircase to the Elven Halls.
 32137 | Orc:2    | Found Uvaeta's Assorted Antiques.
 32147 | Orc:2    | Noticed an orc warlord
 32556 | Orc:2    | Killed an orc warlord
 32653 | Orc:2    | Bought a scroll of teleportation for 66 gold pieces
 33038 | Orc:2    | Found Dobb's Jewellery Emporium.
 33530 | Spider:1 | Entered Level 1 of the Spider Nest
 33678 | Spider:1 | Identified the +10 eveningstar "Ybbit" {freeze, Fragile
                  | rF++ Dex+7} (Okawaru gifted it to you on level 1 of the
                  | Spider Nest)
 33678 | Spider:1 | Received a gift from Okawaru
 34060 | Spider:1 | Reached XP level 16. HP: 118/132 MP: 22/22
 35718 | Spider:2 | Noticed Asterion
 35732 | Spider:2 | Killed Asterion
 35733 | Spider:2 | Reached skill level 14 in Fighting
 35979 | Spider:2 | Noticed Kirke
 35991 | Spider:2 | Received a gift from Okawaru
 36009 | Spider:2 | Killed Kirke
 36924 | Spider:3 | Reached skill level 9 in Evocations
 39032 | Spider:4 | Entered Level 4 of the Spider Nest
 39033 | Spider:4 | Noticed Mlioglotl
 39034 | Spider:4 | Noticed a tentacled starspawn
 39200 | Spider:3 | Killed Mlioglotl
 39200 | Spider:3 | Identified the +7 fire dragon scales "Rudeit" {rElec rF++
                  | rC- Int+2 Slay-5 SInv} (Okawaru gifted it to you on level 3
                  | of the Spider Nest)
 39200 | Spider:3 | Received a gift from Okawaru
 40232 | Spider:4 | Reached XP level 17. HP: 140/140 MP: 23/23
 40783 | Spider:4 | Reached skill level 15 in Fighting
 40783 | Spider:4 | Reached skill level 15 in Armour
 42045 | Spider:4 | Got a gossamer rune of Zot
 42046 | Spider:4 | Identified the +2 hat of Death Resistance {Regen+}
 42209 | Shoals:1 | Entered Level 1 of the Shoals
 42255 | Shoals:1 | Identified the +0 robe of Ytuna {*Slow rF+ rC++ rN+}
 42773 | Shoals:1 | Received a gift from Okawaru
 43560 | Shoals:2 | Found a frozen archway.
 43643 | IceCv    | Entered an ice cave
 44225 | IceCv    | Found an ancient bone altar of Kikubaaqudgha.
 44441 | IceCv    | Received a gift from Okawaru
 44442 | IceCv    | Reached skill level 16 in Fighting
 44567 | IceCv    | Gained mutation: You are dopey. (Int -2) [a neqoxec]
 44570 | IceCv    | Reached XP level 18. HP: 119/150 MP: 21/24
 44570 | IceCv    | Noticed a lich
 44582 | IceCv    | Killed a lich
 44583 | IceCv    | Reached skill level 15 in Shields
 44594 | IceCv    | Reached skill level 15 in Dodging
 45709 | Shoals:2 | Received a gift from Okawaru
 45709 | Shoals:2 | Found the +10 zealot's sword {holy, *Rage rN+ EV+3}
 45985 | Shoals:2 | Noticed Ilsuiw
 46220 | Shoals:2 | Killed Ilsuiw
 46694 | Shoals:3 | Found Osaokh's Assorted Antiques.
 46996 | Shoals:3 | Found Wyodigin's Antique Armour Boutique.
 47007 | Shoals:3 | Bought a shimmering scimitar for 315 gold pieces
 47007 | Shoals:3 | Identified the +12 scimitar "Pofrumm" {spect, rF- Str+4
                  | Dex+3} (You bought it in a shop on level 3 of the Shoals)
 47084 | Shoals:3 | Reached skill level 12 in Evocations
 47119 | Shoals:3 | Found Seriddi's Antique Armour Shop.
 47130 | Shoals:3 | Bought a heavily runed scale mail for 288 gold pieces
 47130 | Shoals:3 | Identified the +0 scale mail of Dice, Bag, and Bottle
                  | {Int+5 Dex+3} (You bought it in a shop on level 3 of the
                  | Shoals)
 47271 | Shoals:3 | Found Biggodd's Distillery.
 47338 | Shoals:3 | Bought a potion of berserk rage for 80 gold pieces
 47338 | Shoals:3 | Bought 2 potions of curing for 96 gold pieces
 47772 | Shoals:3 | Found Foecw's Weapon Boutique.
 48180 | Shoals:4 | Entered Level 4 of the Shoals
 48217 | Shoals:4 | Found a stormy altar of Qazlal.
 48278 | Shoals:4 | Paralysed by an air elemental for 1 turns
 48335 | Shoals:4 | Received a gift from Okawaru
 48508 | Shoals:4 | Paralysed by an air elemental for 1 turns
 48515 | Shoals:4 | Paralysed by an air elemental for 1 turns
 48711 | Shoals:4 | Reached skill level 17 in Fighting
 48914 | Shoals:4 | Identified the ring "Lyreon" {AC+4 Dex+5}
 49020 | Shoals:4 | Paralysed by an air elemental for 1 turns
 49025 | Shoals:4 | Paralysed by an air elemental for 1 turns
 49030 | Shoals:4 | Paralysed by an air elemental for 1 turns
 49121 | Shoals:4 | Noticed a titan
 49130 | Shoals:4 | Killed a titan
 49160 | Shoals:4 | Identified the ring "Ecilozom" {rF+ Will+ Dex+3}
 49165 | Shoals:4 | Reached XP level 19. HP: 138/161 MP: 25/25
 49334 | Shoals:4 | Got a barnacled rune of Zot
 49376 | Shoals:4 | Paralysed by an air elemental for 1 turns
 49493 | Shoals:4 | Paralysed by an air elemental for 1 turns
 49796 | Shoals:4 | Received a gift from Okawaru
 49796 | Shoals:4 | Found the +4 skin of Zhor {*Englaciate rC+++ SInv}
 50495 | D:9      | Killed Terracrafty's ghost
 50737 | Orc:1    | Identified the +1 battleaxe of the Traitor {flame, Fragile
                  | rC- Str+5 Dex+2}
 50768 | Orc:1    | Identified the +10 plate armour of the Armoured One {Harm}
 50914 | Elf:1    | Entered Level 1 of the Elven Halls
 51112 | D:6      | Bought an amulet of reflection for 300 gold pieces
 51732 | Elf:1    | Identified the +8 flail of a bazaar {freeze, Stlth+}
 52054 | Elf:1    | Reached skill level 18 in Armour
 52457 | Elf:1    | Got Qenk's Volume of Black Rites
 52894 | Elf:1    | Paralysed by an air elemental for 1 turns
 52929 | Elf:2    | Paralysed by an air elemental for 1 turns
 52936 | Elf:2    | Paralysed by an air elemental for 1 turns
 53174 | Elf:2    | Reached skill level 18 in Fighting
 53397 | Elf:2    | Found Juweasia's Jewellery Boutique.
 53528 | Elf:2    | Found a runed translucent gate.
 53528 | Elf:2    | Found a runed translucent gate.
 53530 | Elf:2    | Found a runed translucent gate.
 53680 | Elf:2    | Received a gift from Okawaru
 54047 | Elf:2    | Paralysed by an air elemental for 1 turns
 55344 | Elf:3    | Entered Level 3 of the Elven Halls
 55352 | Elf:3    | Reached XP level 20. HP: 172/172 MP: 26/26
 55699 | D:13     | Killed Sonja
 55874 | D:13     | Noticed Azrael
 55886 | D:13     | Killed Azrael
 56841 | D:14     | Found a gate to the Vaults.
 57024 | D:14     | Noticed Louise
 57042 | D:14     | Killed Louise
 57102 | D:14     | Found an ancient bone altar of Kikubaaqudgha.
 57922 | D:15     | Entered Level 15 of the Dungeon
 57944 | D:15     | Reached skill level 19 in Fighting
 58053 | D:15     | Noticed Agnes
 58065 | D:15     | Killed Agnes
 58172 | D:15     | Noticed Roxanne
 58596 | D:15     | Identified the +2 ring mail of Spite {-Tele rN++ SInv
                  | Stlth+}
 58625 | D:15     | Found a runed translucent gate.
 58626 | D:15     | Found a runed translucent gate.
 58627 | D:15     | Found a runed translucent gate.
 58628 | D:15     | Noticed LetschGu's ghost (adept DrTm)
 58667 | D:15     | Killed LetschGu's ghost
 58681 | D:15     | Identified the ring "Fooqu" {rC+ Int+6 Dex+3}
 58873 | D:15     | Found a staircase to the Depths.
 58914 | D:15     | Received a gift from Okawaru
 59366 | D:15     | Killed Roxanne
 59430 | Vaults:1 | Entered Level 1 of the Vaults
 59891 | Vaults:1 | Reached skill level 18 in Shields
 60298 | Vaults:1 | Received a gift from Okawaru
 60372 | Vaults:1 | Reached skill level 18 in Dodging
 60650 | Vaults:1 | Reached skill level 21 in Armour
 60906 | Vaults:1 | Found Laeleo Cargh's General Store.
 60914 | Vaults:1 | Bought 2 scrolls of blinking for 195 gold pieces
 60955 | Vaults:1 | Received a gift from Okawaru
 61245 | Vaults:1 | Found a portal to a secret trove of treasure.
 61259 | Vaults:1 | Acquired the ring "Uwe Jaer" {*Slow rElec Will+++ rCorr
                  | EV+4}
 61460 | Vaults:2 | Reached XP level 21. HP: 97/171 MP: 27/27
 61460 | Vaults:2 | Received a gift from Okawaru
 62339 | Vaults:3 | Found a staircase to the Crypt.
 62756 | Vaults:3 | Noticed Sojobo
 62776 | Vaults:3 | Paralysed by an air elemental for 1 turns
 62784 | Vaults:3 | HP: 25/182 [vault warden (37)]
 62789 | Vaults:3 | Killed Sojobo
 63330 | Vaults:3 | Reached skill level 20 in Fighting
 63542 | Vaults:3 | Reached skill level 1 in Necromancy
 64310 | Vaults:3 | Received a gift from Okawaru
 64651 | Vaults:2 | Reached skill level 3 in Necromancy
 65401 | Vaults:2 | Identified the quicksilver dragon scales "Gekuj" {rC+
                  | Will+} (Okawaru gifted it to you on level 2 of the Vaults)
 65401 | Vaults:2 | Received a gift from Okawaru
 65746 | Vaults:2 | Reached XP level 22. HP: 143/192 MP: 28/28
 67135 | Vaults:3 | Found Xobexi's Antique Armour Shop.
 67303 | Vaults:3 | Bought the +3 pair of gauntlets of War {Slay+5} for 1615
                  | gold pieces
 67303 | Vaults:3 | Bought a pair of embroidered boots for 255 gold pieces
 67303 | Vaults:3 | Found the +3 pair of gauntlets of War {Slay+5}
 67435 | Vaults:3 | Reached skill level 6 in Necromancy
 67826 | Vaults:3 | Learned a level 3 spell: Vampiric Draining
 67828 | Vaults:3 | Learned a level 1 spell: Pain
 67830 | Vaults:3 | Learned a level 1 spell: Apportation
 69724 | Elf:3    | Paralysed by an air elemental for 1 turns
 70084 | Elf:3    | Received a gift from Okawaru
 70092 | Elf:3    | Paralysed by an air elemental for 1 turns
 70099 | Elf:3    | Paralysed by an air elemental for 1 turns
 71499 | Elf:3    | Reached skill level 21 in Fighting
 72133 | Elf:3    | Identified the amulet of the Freezing Saviour {RegenMP
                  | Contam Str-5 Dex+8}
 72270 | Elf:3    | Identified the +3 pair of gloves of the Will of the Gods
                  | {+Blink Int+4}
 72294 | Elf:3    | Identified the +4 short sword "Aggesm" {vorpal, *Rage rElec
                  | rN+ Will+}
 72476 | Elf:3    | Identified the +1 leather armour of Tenacity {rF+ Str+3}
 72496 | Elf:3    | Got the Papyrus of the Glacier
 73292 | Spider:3 | Paralysed by a hornet for 1 turns
 73936 | Vaults:5 | Entered Level 5 of the Vaults
 73950 | Vaults:5 | Received a gift from Okawaru
 73968 | Vaults:5 | Reached XP level 23. HP: 200/200 MP: 25/29
 73983 | Vaults:5 | Received a gift from Okawaru
 74019 | Vaults:5 | Reached skill level 9 in Necromancy
 74315 | Vaults:5 | Noticed a dread lich
 74330 | Vaults:5 | Killed a dread lich
 74330 | Vaults:5 | Identified the +7 scimitar of Harmony {elec, Dex+6}
                  | (Okawaru gifted it to you on level 5 of the Vaults)
 74330 | Vaults:5 | Received a gift from Okawaru
 74641 | Vaults:5 | Identified the +6 dagger of the Establishment {venom,
                  | Dex+9}
 74901 | Vaults:5 | Identified the +7 chain mail "Wumij" {Rampage rElec rN+++
                  | Stlth-}
 75022 | Vaults:5 | Found the ring of the Tortoise {AC+8}
 75023 | Vaults:5 | Noticed an ancient lich
 75037 | Vaults:5 | Killed an ancient lich
 75150 | Vaults:5 | Noticed a golden dragon
 75160 | Vaults:5 | Killed a golden dragon
 75161 | Vaults:5 | Reached skill level 18 in Long Blades
 75373 | Vaults:5 | Identified the +8 mace "Tufopaerr" {holy, *Rage rPois rN+++
                  | Str-5}
 75378 | Vaults:5 | Identified the +1 scale mail of Intercession {Int+3}
 75390 | Vaults:5 | Identified the +5 morningstar "Cuesugik" {speed, rElec
                  | rPois rN+ Str+4}
 76058 | Vaults:5 | Noticed an ancient lich
 76064 | Vaults:5 | Noticed a dread lich
 76077 | Vaults:5 | Killed a dread lich
 76094 | Vaults:5 | Killed an ancient lich
 76095 | Vaults:5 | Reached skill level 22 in Fighting
 76100 | Vaults:5 | Identified the +6 falchion "Nock" {holy, rF- rC+ Int+4}
                  | (Okawaru gifted it to you on level 5 of the Vaults)
 76100 | Vaults:5 | Received a gift from Okawaru
 76426 | Vaults:5 | Noticed a dread lich
 76442 | Vaults:5 | Killed a dread lich
 76451 | Vaults:5 | Noticed a golden dragon
 76477 | Vaults:5 | Killed a golden dragon
 76666 | Vaults:5 | Noticed a golden dragon
 76666 | Vaults:5 | a shadow dragon changed into a golden dragon
 76667 | Vaults:5 | a golden dragon changed into a shadow dragon
 76675 | Vaults:5 | Noticed a golden dragon
 76675 | Vaults:5 | an iron dragon changed into a golden dragon
 76676 | Vaults:5 | a golden dragon changed into a shadow dragon
 76797 | Vaults:5 | Got a silver rune of Zot
 76968 | Vaults:5 | Identified the +2 pair of boots of Sloth {rN+}
 77036 | Vaults:5 | Reached skill level 24 in Armour
 77833 | Lair:6   | Found a gateway to Hell.
 78115 | Depths:1 | Entered Level 1 of the Depths
 78115 | Depths:1 | Found Kufioniu's Antique Weapon Boutique.
 78131 | Depths:1 | Reached XP level 24. HP: 185/212 MP: 29/29
 78212 | Depths:1 | Received a gift from Okawaru
 79144 | Vaults:1 | You paid a toll of a +5 demon blade to enter a treasure
                  | trove
 79145 | Trove    | Entered a treasure trove
 79173 | Trove    | Identified the ring "Leerad" {rC+ rN+ MP+9 AC+4}
 79193 | Trove    | Found the +3 pair of seven-league boots {Rampage+∞}
 79198 | Trove    | Identified the +2 cloak of Pandemonium {*Corrode rPois rN+}
 79336 | Depths:1 | Found Deathrusa's Antique Weapon Shop.
 79344 | Depths:1 | Found Tauducan's Antique Armour Boutique.
 79494 | Depths:1 | Noticed Nikola
 79497 | Depths:1 | Identified the +7 demon blade "Tith" {vamp, *Corrode Will+
                  | Int+6 Dex+3} (Okawaru gifted it to you on level 1 of the
                  | Depths)
 79497 | Depths:1 | Received a gift from Okawaru
 79508 | Depths:1 | Killed Nikola
 79838 | Depths:1 | Learned a level 5 spell: Excruciating Wounds
 79907 | Depths:1 | Found Mih Muor's Distillery.
 79923 | Depths:1 | Bought a potion of mutation for 136 gold pieces
 79923 | Depths:1 | Bought a potion of heal wounds for 85 gold pieces
 80341 | Depths:1 | Reached skill level 23 in Fighting
 80356 | Depths:1 | Reached skill level 12 in Necromancy
 80872 | Depths:2 | Noticed a shard shrike
 80872 | Depths:2 | Noticed a shard shrike
 80880 | Depths:2 | Noticed a shard shrike
 81010 | Depths:1 | Killed a shard shrike
 81089 | Depths:1 | Killed a shard shrike
 81098 | Depths:2 | Killed a shard shrike
 81134 | Depths:2 | Found the +8 frozen axe "Frostbite" {freezing cloud, *Noise
                  | Fly rC+}
 81270 | Depths:2 | Found Umuruima's Book Boutique.
 81390 | Depths:2 | Reached skill level 21 in Shields
 81726 | Depths:2 | Bought Borgnjor's Collected Works on Necromancy for 748
                  | gold pieces
 81736 | Depths:2 | Learned a level 9 spell: Death's Door
 82097 | Depths:2 | Found a one-way gate leading to the halls of Pandemonium.
 82534 | Depths:3 | Reached skill level 21 in Dodging
 82620 | Depths:3 | Identified the +6 great sword of Galuteut {venom, rC+}
 82656 | Depths:3 | Reached XP level 25. HP: 179/223 MP: 29/29
 82859 | Depths:3 | Reached skill level 24 in Fighting
 82899 | Depths:3 | Received a gift from Okawaru
 83166 | Depths:3 | Noticed Saint Roka
 83186 | Depths:3 | Killed Saint Roka
 83284 | Depths:3 | Noticed Xtahua
 83296 | Depths:3 | Killed Xtahua
 83395 | Depths:3 | Identified the +3 leather armour of the King of the Hill
                  | {Rampage +Blink rC++ Will-}
 83424 | Depths:3 | Identified the ring "Mist" {rC+ rCorr Str+6}
 83470 | Depths:3 | Identified the +1 robe of Keeneg {rC+ Str+4 Dex-2}
 83481 | Depths:3 | Received a gift from Okawaru
 83785 | Depths:3 | Found a runed translucent door.
 83905 | Depths:3 | Found a one-way gate to the infinite horrors of the Abyss.
 84964 | Depths:4 | Entered Level 4 of the Depths
 85092 | Depths:4 | Received a gift from Okawaru
 85215 | Depths:4 | Found Qoixt's Assorted Antiques.
 85222 | Depths:4 | Found Arhumew's Antique Armour Shoppe.
 85225 | Depths:4 | Found Jih Mum's Weapon Emporium.
 85255 | Depths:4 | Bought 2 potions of heal wounds for 260 gold pieces
 85255 | Depths:4 | Bought a scroll of enchant armour for 195 gold pieces
 85255 | Depths:4 | Bought a scroll of fear for 91 gold pieces
 85255 | Depths:4 | Bought a shortbow for 78 gold pieces
 85255 | Depths:4 | Bought a scroll of magic mapping for 91 gold pieces
 85260 | Depths:4 | Bought a runed helmet for 270 gold pieces
 85356 | Depths:4 | Found Qemumis's Magic Scroll Emporium.
 85367 | Depths:4 | Bought a scroll of brand weapon for 300 gold pieces
 85367 | Depths:4 | Bought a scroll of enchant weapon for 112 gold pieces
 85367 | Depths:4 | Bought a scroll of enchant weapon for 112 gold pieces
 85367 | Depths:4 | Bought a scroll of teleportation for 45 gold pieces
 85367 | Depths:4 | Bought a scroll of holy word for 112 gold pieces
 85367 | Depths:4 | Bought a scroll of holy word for 112 gold pieces
 85502 | Depths:4 | Noticed a dread lich
 85508 | Depths:4 | Killed a dread lich
 85510 | Depths:4 | Reached skill level 25 in Fighting
 85610 | Depths:4 | Got the Papyrus of Dark Rituals
 86170 | Depths:4 | Found a gate to the Realm of Zot.
 86370 | Zot:1    | Entered Level 1 of the Realm of Zot
 86413 | Zot:1    | Reached XP level 26. HP: 157/235 MP: 25/29
 88055 | Zot:2    | Identified the +4 chain mail of Plasticity {Rampage rElec
                  | Int-5} (Okawaru gifted it to you on level 2 of the Realm of
                  | Zot)
 88055 | Zot:2    | Received a gift from Okawaru
 89233 | Zot:2    | Reached skill level 26 in Fighting
 89561 | Zot:2    | Noticed an orb of fire
 89565 | Zot:2    | Gained mutation: Your magical capacity is low. (-10% MP)
                  | [an orb of fire]
 89578 | Zot:2    | Killed an orb of fire
 89579 | Zot:2    | Reached skill level 21 in Long Blades
 91889 | Zot:4    | Noticed a Killer Klown
 91901 | Zot:4    | Noticed a Killer Klown
 91916 | Zot:4    | Killed a Killer Klown
 91928 | Zot:4    | Killed a Killer Klown
 92505 | Zot:4    | Found a runed translucent gate.
 92506 | Zot:4    | Found a runed translucent gate.
 92506 | Zot:4    | Found a runed translucent gate.
 92507 | Zot:4    | Noticed Pongem's ghost (legendary MiAK)
 92507 | Zot:4    | Noticed Pongem's ghost (legendary MiAK)
 92507 | Zot:4    | Noticed Sebriys's ghost (legendary TrBe)
 92711 | Zot:5    | Entered Level 5 of the Realm of Zot
 92730 | Zot:5    | Reached XP level 27. HP: 238/246 MP: 20/26
 93095 | Zot:5    | Identified the ring of Bodily Harmony {*Corrode rF+++ Will+
                  | Dex+3}
 93100 | Zot:5    | Identified the ring of Jafeuf {rF- rN+ Will+ Dex+4 Slay+2}
 93748 | Zot:5    | Noticed a dread lich
 93775 | Zot:5    | Killed a dread lich
 93775 | Zot:5    | Received a gift from Okawaru
 93782 | Zot:5    | Noticed an orb of fire
 93790 | Zot:5    | Noticed an orb of fire
 93793 | Zot:5    | Killed an orb of fire
 93802 | Zot:5    | Gained mutation: You are frail. (-10% HP) [an orb of fire]
 93805 | Zot:5    | Killed an orb of fire
 93815 | Zot:5    | Noticed an ancient lich
 93818 | Zot:5    | Noticed a dread lich
 93828 | Zot:5    | Killed an ancient lich
 93836 | Zot:5    | Killed a dread lich
 93849 | Zot:5    | Identified the ring "Waamauqobb" {rN+ Int+5}
 93851 | Zot:5    | Noticed a dread lich
 94133 | Zot:5    | Killed a dread lich
 94134 | Zot:5    | Reached skill level 27 in Fighting
 94179 | Zot:5    | Noticed an ancient lich
 94197 | Zot:5    | Killed an ancient lich
 94515 | Zot:5    | Noticed an electric golem
 94525 | Zot:5    | Killed an electric golem
 94610 | Zot:5    | Received a gift from Okawaru
 94931 | Zot:5    | Noticed an orb of fire
 94937 | Zot:5    | Got the Orb of Zot
 95142 | Depths:4 | Reached skill level 15 in Evocations
 95178 | Depths:3 | Received a gift from Okawaru
 95258 | D:15     | Noticed Havas the pandemonium lord
 95344 | D:14     | Noticed Billydgh the pandemonium lord
 95370 | D:13     | Killed Billydgh the pandemonium lord
 95437 | D:12     | HP: 37/224 [??? (17)]
 95811 | D:$      | Escaped with the Orb!

Levels and vault maps discovered:
D:1:      psy_arrival_dodecagon, layout_basic
D:2:      layout_basic, minmay_misc_feat_columns
D:3:      layout_rooms, shapermc_ecumenical_altar_acropolis, roderic_batcave
D:4:      layout_loops_ring, mainiacjoe_overflow_paths, minmay_misc_feat_alley,
          st_stairs_14
D:5:      layout_loops_ring, mainiacjoe_overflow_boulevard,
          mainiacjoe_overflow_tiny_flanked, minmay_temple_entry_gardened_gates
D:6:      cheibrodos_two_vegetables, layout_rooms, mainiacjoe_overflow_alcove_2,
          serial_shops, shop_coins, nicolae_shop_hallway_stairs,
          nicolae_shop_bloodbath_and_beyond, shop_fountains, nicolae_shop_stone,
          gup_ossuary_entry_pyramid, uniq_pikel
D:7:      layout_loops_ring, lemuel_tele_altar, uniq_prince_ribbit1,
          uniq_joseph, uniq_duvessa
D:8:      layout_cave_pools, mainiacjoe_overflow_six_doors_small,
          mainiacjoe_overflow_catwalk, serial_column_ruins, column_ruins_grid_3,
          column_ruins_columns_straight, column_ruins_open_tiny,
          column_ruins_grid_3, uniq_erica, uniq_harold
D:9:      cheibrodos_statue_roulette, layout_grid_maze, lemuel_crystal_altar,
          hangedman_ru_absence, ebering_ghost_rock_garden
D:10:     layout_roguey, mainiacjoe_overflow_alcove_1, lemuel_flamethrower_2,
          uniq_fannar, uniq_snorg, uniq_urug
D:11:     layout_roguey, david_lair_generic
D:12:     cheibrodos_fzero, layout_loops_ring, orc_0_dummy, serial_glass,
          glass_columns_c, glass_columns_c, amcnicky_mini_rare_corridor_liquid,
          st_stairs_10, uniq_psyche, uniq_jorgrun
D:13:     minmay_chopped_fan, layout_loops_ring, uniq_frances, uniq_sonja,
          uniq_azrael
D:14:     layout_irregular_city, david_vaults_3, hangedman_decor_slide_cut,
          kiku_gazebo_pond_becter, uniq_louise
D:15:     hangedman_depths_entry_civil_slaughter, layout_irregular_city,
          gammafunk_ghost_spectres, uniq_agnes, uniq_roxanne
Lair:1:   layout_gridlike
Lair:2:   layout_roguey, elwin_shoals_entry_rooms, serial_bayou_shore_a
Lair:3:   layout_cave_pods, small_statue_intersection, wad_woods_02
Lair:4:   layout_layer_cave, spider_nest_entry_web_field, serial_bayou_shore_b,
          grunt_megastairs_3, uniq_rupert
Lair:5:   layout_roguey, slime_altar_2, nicolae_lair_liquid_snakes
Lair:6:   evil_forest, layout_cave_pods, fungi_pond_lemuel, guppyfry_lair_drakes
Shoals:1: layout_shoals
Shoals:2: layout_shoals, portal_ice_cave_entry_ugly_swarm,
          nicolae_shoals_enchanted_isle, uniq_ilsuiw
Shoals:3: layout_shoals, serial_shops, shop, shop_statue, nicolae_square_shop,
          shop, shop
Shoals:4: shoals_end_hellmonk_storm_palace [storm_palace_center_ruins,
          storm_palace_corner_blocked, storm_palace_corner_altar,
          storm_palace_corner_reverse_hut, storm_palace_corner_narrow]
Spider:1: layout_cave_pods
Spider:2: layout_spider_delve, uniq_kirke, uniq_asterion
Spider:3: layout_spider_delve, spiders_nest_hornet_nest,
          hangedman_spider_tarantella_strand
Spider:4: grunt_spider_rune_island, uniq_mlioglotl
Orc:1:    emtedronai_trogs_sanctum, layout_caves
Orc:2:    pubby_orc_utopia
Elf:1:    layout_geoelf_grid, minmay_elf_necromancy, grunt_ministairs_13
Elf:2:    elven_hall_of_blades_hangedman_original
          [infiniplex_blade_entry_pillars], layout_geoelf_grid, serial_shops,
          nicolae_shop_stone, amcnicky_mini_corridor_feature, drop_trap,
          amethyst_killhole
Elf:3:    elf_hall_gauntlet_wide, layout_onion_city
Vaults:1: hangedman_vaults_stagger, v_pattern_1, grunt_vaults_diagonal,
          ontoclasm_vaults_ring_small, hangedman_vaults_pinch,
          hangedman_vaults_capsules, v_alt_pattern_1,
          grunt_vaults_hallway_short, nicolae_vaults_little_squares_6,
          layout_vaults_omnigrid, serial_shops, nicolae_diamond_shop,
          enter_trove_0
Vaults:2: nicolae_vaults_big_angled_halls, v_misc_5, vaults_dpeg_hooks,
          grunt_vaults_focal, nicolae_vaults_little_ls,
          vaults_dpeg_encased_lava, vaults_room_door_hall,
          hangedman_vaults_nodes, nicolae_vaults_c_with_doors, v_pattern_3,
          grunt_vaults_twisty, v_misc_13, v_misc_5, layout_vaults_omnibox
Vaults:3: nicolae_vaults_back_hallway, v_misc_14, v_misc_29,
          vaults_room_stairs_pillars, vaults_room_boxed, hangedman_vaults_hat,
          nicolae_vaults_network_square, nicolae_vaults_three_branches,
          vaults_room_fours, minmay_crypt_entry_simple_sparse, v_alt_pattern_3,
          vaults_room_mumra_shop_pool, layout_vaults_ring, uniq_sojobo
Vaults:4: ontoclasm_vaults_idyll, nicolae_vaults_asterisk,
          dpeg_vaults_monster_box, nicolae_vaults_border_crossing, v_rooms_5,
          nicolae_vaults_puzzle_piece, v_rooms_3,
          nicolae_vaults_network_periphery, v_misc_15,
          ontoclasm_vaults_ring_small, v_alt_pattern_1, layout_vaults_omnicross
Vaults:5
Depths:1: vault_1, layout_cave_shapes, serial_rivers,
          chequers_serial_rivers_small_a, chequers_serial_rivers_micro_b,
          chequers_serial_rivers_micro_d, chequers_serial_rivers_micro_d,
          chequers_serial_rivers_micro_e, serial_shops, kennysheep_little_box,
          shop, shop_coins, shop, hangedman_coc_ice_floe,
          grunt_decor_mini_mirrors, chequers_serial_rivers_room_b,
          minmay_alternating_orb, uniq_nikola
Depths:2: minmay_coctagon, layout_cave_pools, hell_entry, serial_shops, shop,
          hangedman_decor_opposing, rand_demon_pan_entry_4,
          infiniplex_staircase_zigzag_2
Depths:3: minmay_the_grid_square_5x5_4x4 [minmay_the_grid_square_5x5_z,
          minmay_the_grid_square_5x5_n_small,
          minmay_the_grid_square_5x5_two_small,
          minmay_the_grid_square_5x5_doubleslash, minmay_the_grid_square_5x5_c,
          minmay_the_grid_square_5x5_prize_monsterx,
          minmay_the_grid_square_5x5_prize_waves,
          minmay_the_grid_square_5x5_pentomino_r,
          minmay_the_grid_square_5x5_hollow_slash,
          minmay_the_grid_square_5x5_prize_rear_guard,
          minmay_the_grid_square_5x5_prize_deathbox,
          minmay_the_grid_square_5x5_gyroscope,
          minmay_the_grid_square_5x5_corner, minmay_the_grid_square_5x5_minimal,
          minmay_the_grid_square_5x5_n, minmay_the_grid_square_5x5_two_walls_a],
          layout_honeycomb, hangedman_abyss_entry_splay,
          nicolae_figureground_sparkle, pf_vacation_house_of_asmodeus,
          lightli_giant_bouncers, uniq_saint_roka, uniq_xtahua
Depths:4: evilmike_zot_entry_gauntlet, layout_twisted_cross, enter_ziggurat_a,
          serial_shops, nicolae_shop_advertising_works
          [nicolae_subvault_shop_adworks], hell_entry, special_room
          [special_room_morgue], minmay_room_of_horrors, minmay_shop_star
Zot:1:    layout_gridlike, st_stairs_9
Zot:2:    layout_basic
Zot:3:    layout_cathedral_of_symmetry
Zot:4:    layout_gridlike, gammafunk_ghost_cemetery
Zot:5:    layout_basic, st_stairs_9

Action                   |  1- 3 |  4- 6 |  7- 9 | 10-12 | 13-15 | 16-18 | 19-21 | 22-24 | 25-27 || total
-------------------------+-------+-------+-------+-------+-------+-------+-------+-------+-------++-------
Melee: Long sword        |   151 |   220 |   318 |    64 |       |       |       |       |       ||   753
       Dagger            |       |       |    41 |    73 |       |       |       |       |       ||   114
       Scimitar          |       |       |       |   398 |  1265 |  1530 |    40 |     5 |       ||  3238
       Demon blade       |       |       |       |       |       |   147 |  1870 |  1823 |  1840 ||  5680
       Double sword      |       |       |       |       |       |       |       |       |    73 ||    73
 Fire: Hunting sling     |       |       |     7 |    60 |    40 |    21 |     5 |   103 |    28 ||   264
 Cast: Vampiric Draining |       |       |       |       |       |       |       |     1 |       ||     1
Invok: Heroism           |       |       |     2 |    19 |    23 |    37 |    32 |    37 |    31 ||   181
       Finesse           |       |       |       |     4 |     5 |    14 |    15 |    21 |    20 ||    79
 Abil: Hop               |       |       |     4 |     3 |     3 |     4 |     1 |     5 |     4 ||    24
Evoke: Wand              |       |       |       |     2 |     9 |    16 |     5 |     3 |     1 ||    36
       Condenser vane    |       |       |       |       |     3 |     6 |     4 |     4 |    10 ||    27
       Tin of tremorston |       |       |       |       |     1 |     7 |     6 |     4 |     4 ||    22
       Phial of floods   |       |       |       |       |       |     1 |     1 |     5 |     1 ||     8
       Lightning rod     |       |       |       |       |       |       |       |     1 |     4 ||     5
  Use: Potion            |       |     5 |       |     2 |     1 |     1 |     6 |     1 |     5 ||    21
       Scroll            |       |     4 |     1 |    14 |     2 |    14 |     6 |     9 |    22 ||    72
 Stab: Petrified         |       |       |       |       |     2 |       |       |       |       ||     2
       Confused          |       |       |       |       |     1 |       |       |       |     2 ||     3
       Distracted        |       |       |       |       |       |     1 |       |       |       ||     1
Armor: Scale mail        |    19 |       |       |    66 |   336 |   587 |   356 |       |       ||  1364
       Ring mail         |    48 |   149 |    79 |    42 |       |       |       |       |       ||   318
       Quicksilver drago |       |       |       |       |       |       |    19 |   336 |       ||   355
       Gold dragon scale |       |       |       |       |       |       |       |       |   598 ||   598
Dodge: Dodged            |    97 |   182 |   144 |   238 |   692 |   923 |   817 |   657 |   701 ||  4451
Block: Buckler           |    34 |    69 |    53 |   101 |   377 |    60 |       |       |       ||   694
       Kite shield       |       |       |       |       |       |  1167 |  1654 |  1293 |  1409 ||  5523
       Reflection        |       |       |       |       |       |       |   152 |    65 |    22 ||   239
